 Dungeon Crawl Stone Soup version 0.26-a0-812-g31a745ddcd (webtiles) character file.

Game seed: 18235737118557186009

5683 tilp the Slinger (level 11, 0/70 HPs)
             Began as a Halfling Hunter on Nov 24, 2020.
             Was an Elder of Okawaru.
             Slain by a komodo dragon (19 damage)
             ... on level 8 of the Dungeon.
             The game lasted 00:20:41 (9738 turns).

tilp the Slinger (Halfling Hunter)                  Turns: 9738, Time: 00:20:42

Health: 0/70       AC: 18    Str: 15    XL:     11   Next: 4%
Magic:  14/14      EV: 12    Int:  9    God:    Okawaru [****..]
Gold:   218        SH:  6    Dex: 17    Spells: 10/10 levels left

rFire    . . .     SeeInvis .   b - +2 flail (drain)
rCold    . . .     Faith    +   t - +0 buckler
rNeg     + . .     Spirit   .   g - +2 chain mail {rN+}
rPois    .         Reflect  .   c - +2 helmet
rElec    .         Harm     .   i - +0 cloak
rCorr    .         Rampage  .   J - +0 pair of gloves
MR       .....                  x - +1 pair of boots
Stlth    ..........             q - amulet of faith
HPRegen  0.21/turn              (no ring)
MPRegen  0.14/turn              (no ring)

@: no status effects
A: small, mutation resistance 1
a: Heroism, Renounce Religion


You were on level 8 of the Dungeon.
You worshipped Okawaru.
Okawaru was greatly pleased with you.
You visited 2 branches of the dungeon, and saw 11 of its levels.

You collected 466 gold pieces.
You spent 248 gold pieces at shops.

Inventory:

Hand Weapons
 a - a +2 hunting sling
 b - a +2 flail of draining (weapon)
 l - a +2 morningstar
Missiles
 d - 99 sling bullets
 e - 168 stones
 f - 13 boomerangs
 E - 2 throwing nets
 G - 8 boomerangs of dispersal (quivered)
Armour
 c - a +2 helmet (worn)
 g - a +2 chain mail of positive energy (worn)
 i - a +0 cloak (worn)
 t - a +0 buckler (worn)
 x - a +1 pair of boots (worn)
 F - a +2 scale mail of poison resistance
 J - a +0 pair of gloves (worn)
Jewellery
 q - an amulet of faith (around neck)
 D - an uncursed ring of fire
 I - a +4 ring of evasion
Wands
 p - a wand of polymorph (9)
 r - a wand of enslavement (8)
 s - a wand of flame (13)
 w - a wand of paralysis (7)
Scrolls
 h - a scroll of remove curse
 k - 4 scrolls of fear
 n - 5 scrolls of teleportation
 u - a scroll of fog
 B - 2 scrolls of amnesia
 C - a scroll of enchant weapon
Potions
 j - 3 potions of curing
 m - 2 potions of haste
 o - a potion of flight
 v - 3 potions of might
 z - a potion of heal wounds
 A - a potion of attraction
 H - a potion of cancellation
Miscellaneous
 y - a phantom mirror (inert)


   Skills:
 + Level 4.8 Fighting
 * Level 5.5 Maces & Flails
 - Level 12.0 Slings
 + Level 2.8 Armour
 + Level 6.8 Dodging
 + Level 5.2 Stealth
 - Level 4.0 Shields
 + Level 5.1 Invocations
 + Level 5.0 Evocations


You had 10 spell levels left.
You didn't know any spells.
Your spell library was empty.

Dungeon Overview and Level Annotations

Branches:
Dungeon (10/15)            Temple (1/1) D:4
   Lair: D:8-11         Orc: D:9-12

Altars:
Ashenzari
Cheibriados
Dithmenos
Elyvilon
Fedhas
Gozag
Hepliaklqana
Kikubaaqudgha
Makhleb
Nemelex Xobeh
Okawaru
Ru
Sif Muna
Trog
Uskayaw
Vehumet
Wu Jian
Xom
Yredelemnul
Zin
The Shining One

Shops:
D:4 *   D:6 (

Annotations:
D:7 3 runed translucent doors, End1zNear's ghost, novice DDFi


Innate Abilities, Weirdness & Mutations

You are small and have problems with some larger weapons.
You are somewhat resistant to further mutation.


Message History

The komodo dragon barely misses you.
You climb upwards.
There is a stone staircase leading down here.
You hit the komodo dragon.
The komodo dragon is moderately wounded.
The komodo dragon bites you but does no damage.
You closely miss the komodo dragon.
The komodo dragon is moderately wounded.
You block the komodo dragon's attack.
You hit the komodo dragon.
The komodo dragon is heavily wounded.
The komodo dragon bites you! The komodo dragon bites you!!
* * * LOW HITPOINT WARNING * * *
You barely miss the komodo dragon.
The komodo dragon is heavily wounded.
The komodo dragon closely misses you.
You hit the komodo dragon.
The komodo dragon is severely wounded.
The komodo dragon bites you!!
You die...

..............#...#..............
###############...#..............
..................#..............
#######'#######<###..............
.............[.........########.#
.......................### #.#
.........................# #.#
##############.#)#####...######.#
##### #####.#@l............#.#
#...# #.....###[...........#.#
#...# #.........)..........#.#
#...######....................#..
#........#<.......)......########
##.#####'#...............##
#.##.....................#
##.##.....................#
...##.....................#


You could see a komodo dragon (drained).

Vanquished Creatures
  Harold (D:9)
  Maggie (D:6)
  A komodo dragon (D:9)
  Prince Ribbit (D:5)
  Sigmund (D:3)
  A wyvern (D:5)
  5 yaks (D:9)
  A basilisk (D:9)
  Edmund (D:5)
  Duvessa (D:5)
  An ice beast (D:7)
  3 orc warriors
  A sky beast (D:5)
  4 phantoms
  2 ogres (D:7)
  A centaur (D:9)
  The ghost of Enish the Sneak, an amateur OpDe (D:5)
  3 big kobolds
  3 bullfrogs
  A scorpion (D:6)
  Dowan (D:5)
  3 wights
  A howler monkey (D:5)
  A jelly (D:7)
  2 orc wizards
  7 orc priests
  A bullfrog skeleton (D:5)
  Jessica (D:2)
  4 iguanas
  Natasha (thrice) (D:2)
  Ijyb (D:3)
  6 worker ants
  Robin (D:2)
  A river rat (D:5)
  15 adders
  4 shadow imps
  2 white imps
  2 ufetubi
  3 oozes
  An adder zombie (D:6)
  An adder skeleton (D:4)
  4 worms
  3 dart slugs
  9 leopard geckos
  26 orcs
  5 giant cockroaches
  13 goblins
  12 hobgoblins
  5 jackals
  14 kobolds
  3 quokkas
  3 ball pythons
  4 bats
  4 frilled lizards
  A quokka skeleton (D:5)
  4 rats
205 creatures vanquished.

Notes
Turn   | Place    | Note
-------+----------+-------------------------------------------
     0 | D:1      | tilp the Halfling Hunter began the quest for the Orb.
     0 | D:1      | Reached XP level 1. HP: 14/14 MP: 1/1
   210 | D:1      | Reached skill level 6 in Slings
   236 | D:1      | Reached XP level 2. HP: 19/19 MP: 2/2
   436 | D:1      | Reached skill level 7 in Slings
   436 | D:1      | Reached XP level 3. HP: 24/24 MP: 3/3
  1219 | D:2      | Reached XP level 4. HP: 29/29 MP: 4/4
  1250 | D:2      | Reached skill level 8 in Slings
  1463 | D:2      | Reached XP level 5. HP: 34/34 MP: 5/5
  1558 | D:2      | Reached skill level 9 in Slings
  1566 | D:2      | Noticed Robin
  1621 | D:2      | Killed Robin
  1710 | D:2      | Noticed Jessica
  1716 | D:2      | Killed Jessica
  1998 | D:3      | Noticed Natasha
  2000 | D:3      | Noticed Ijyb
  2015 | D:3      | Reached XP level 6. HP: 27/39 MP: 6/6
  2023 | D:2      | Killed Natasha
  2041 | D:2      | Noticed Natasha
  2055 | D:2      | Killed Natasha
  2055 | D:2      | Reached skill level 10 in Slings
  2309 | D:2      | Noticed Natasha
  2313 | D:2      | Killed Natasha
  2365 | D:3      | Noticed Sigmund
  2614 | D:3      | Killed Sigmund
  2614 | D:3      | Reached skill level 11 in Slings
  2614 | D:3      | Reached XP level 7. HP: 43/44 MP: 7/7
  2789 | D:3      | Killed Ijyb
  3027 | D:3      | Found a hazy altar of Hepliaklqana.
  3329 | D:4      | Found a shadowy altar of Dithmenos.
  3356 | D:4      | Found a staircase to the Ecumenical Temple.
  3365 | Temple   | Entered the Ecumenical Temple
  3524 | D:4      | Reached skill level 12 in Slings
  3585 | D:4      | Reached skill level 1 in Shields
  3620 | D:4      | Found a white marble altar of Elyvilon.
  3754 | D:4      | Found Lomu's General Store.
  3757 | D:4      | Bought a +1 pair of boots for 149 gold pieces
  3811 | D:4      | Found an iron altar of Okawaru.
  3912 | D:4      | Became a worshipper of Warmaster Okawaru
  3921 | D:5      | Entered Level 5 of the Dungeon
  3966 | D:5      | Noticed Edmund
  3992 | D:5      | Killed Edmund
  3992 | D:5      | Reached XP level 8. HP: 49/49 MP: 8/8
  4031 | D:5      | Noticed a wyvern
  4149 | D:5      | Noticed Dowan
  4189 | D:5      | Killed Dowan
  4208 | D:5      | Killed a wyvern
  4208 | D:5      | Reached * piety under Okawaru
  4208 | D:5      | Reached skill level 1 in Maces & Flails
  4208 | D:5      | Reached skill level 1 in Invocations
  4208 | D:5      | Reached skill level 1 in Evocations
  4299 | D:5      | Found a runed translucent gate.
  4299 | D:5      | Found a runed translucent gate.
  4299 | D:5      | Found a runed translucent gate.
  4300 | D:5      | Noticed Enish's ghost (amateur OpDe)
  4300 | D:5      | Identified the +1 short sword of Otiy {venom, SInv Stlth+}
  4300 | D:5      | Noticed Prince Ribbit
  4319 | D:5      | Noticed Duvessa
  4321 | D:5      | Killed Prince Ribbit
  4330 | D:5      | Killed Duvessa
  4518 | D:5      | Found a glowing drain.
  4524 | D:5      | Reached XP level 9. HP: 51/55 MP: 10/10
  4973 | D:5      | Killed Enish's ghost
  4973 | D:5      | Reached ** piety under Okawaru
  5049 | D:6      | Found Forchef's Weapon Shop.
  5058 | D:6      | Found a glowing silver altar of Zin.
  5317 | D:6      | Bought 18 sling bullets for 99 gold pieces
  5660 | D:6      | Noticed Maggie
  5675 | D:6      | Killed Maggie
  5882 | D:7      | Noticed End1zNear's ghost (novice DDFi)
  5923 | D:7      | Found a runed translucent gate.
  5923 | D:7      | Found a runed translucent gate.
  5923 | D:7      | Found a runed translucent gate.
  5924 | D:7      | Found an ornate altar of the Wu Jian Council.
  6394 | D:7      | Reached *** piety under Okawaru
  6394 | D:7      | Reached skill level 5 in Dodging
  6394 | D:7      | Reached XP level 10. HP: 63/63 MP: 13/13
  7211 | D:8      | Reached skill level 1 in Armour
  8100 | D:9      | Reached **** piety under Okawaru
  8120 | D:9      | Received a gift from Okawaru
  8662 | D:10     | Entered Level 10 of the Dungeon
  8662 | D:10     | Noticed a two-headed ogre
  8725 | D:9      | Noticed Harold
  8729 | D:9      | Reached skill level 5 in Maces & Flails
  8753 | D:9      | Killed Harold
  8753 | D:9      | Reached skill level 5 in Stealth
  8753 | D:9      | Reached skill level 5 in Invocations
  8956 | D:9      | Received a gift from Okawaru
  8969 | D:9      | Noticed a komodo dragon
  8970 | D:9      | Noticed a komodo dragon
  9043 | D:9      | Killed a komodo dragon
  9043 | D:9      | Reached ***** piety under Okawaru
  9043 | D:9      | Reached skill level 5 in Evocations
  9043 | D:9      | Reached XP level 11. HP: 12/70 MP: 14/14
  9738 | D:8      | Slain by a komodo dragon

Illustrated notes

Levels and vault maps discovered:
D:1:      minmay_arrival_widening_spiral_narrow, layout_loops_ring,
          chequers_avenue, st_stairs_12
D:2:      layout_rooms, uniq_robin, uniq_jessica
D:3:      layout_rooms, lemuel_crystal_altar, uniq_natasha, uniq_ijyb,
          uniq_sigmund
D:4:      layout_rooms, elyvilon_altar_1, okawaru_metal_pillars_1_2,
          minmay_temple_entry_mist, serial_shops, kennysheep_mini,
          grunt_dithmenos_shadows
D:5:      layout_basic, gup_sewer_entry_spiral, gammafunk_ghost_nasty_kobolds,
          uniq_edmund, uniq_prince_ribbit1, uniq_duvessa
D:6:      layout_rooms, overflow_temple_1_default, serial_shops, shop,
          kennysheep_windowed_goal, uniq_maggie
D:7:      layout_loops_corners, old_standard_altar, gammafunk_ghost_icy
D:8:      layout_basic
D:9:      layout_basic, lemuel_doored_altar, erik_lair_dragon, uniq_joseph,
          uniq_harold
D:10:     layout_stronghold, uniq_erica
Temple:   eino_temple_rhombus

Skill      XL: |  1  2  3  4  5  6  7  8  9 10 |
---------------+-------------------------------+-----
Slings         | 6 7 8 9 11 12 | 12.0
Shields        | 3 4 |  4.0
Fighting       | 2 4 |  4.8
Maces & Flails | 2 3 5 |  5.5
Invocations    | 2 4 5 |  5.1
Evocations     | 2 3 5 |  5.0
Dodging        | 3 5 6 |  6.8
Stealth        | 2 4 5 |  5.2
Armour         | 2 |  2.8

Action                   |  1- 3 |  4- 6 |  7- 9 | 10-12 || total
-------------------------+-------+-------+-------+-------++-------
Melee: Short sword       |    58 |    58 |    13 |       ||   129
       Flail             |       |       |   187 |   132 ||   319
 Fire: Hunting sling     |    42 |   154 |   260 |   235 ||   691
Throw: Boomerang         |       |       |     1 |       ||     1
Invok: Heroism           |       |       |       |     2 ||     2
Evoke: Wand              |       |       |     1 |     2 ||     3
       Phantom mirror    |       |       |       |     1 ||     1
  Use: Scroll            |     3 |     2 |     9 |     6 ||    20
       Potion            |       |     1 |     2 |       ||     3
 Stab: Sleeping          |     1 |       |       |       ||     1
Armor: Leather armour    |     3 |       |       |       ||     3
       Chain mail        |    41 |    69 |   115 |    77 ||   302
Dodge: Dodged            |    40 |    39 |    87 |    61 ||   227
Block: Buckler           |       |       |    54 |    39 ||    93

Table legend: (Time is in decaauts)
 A = Elapsed time spent in this place.
 B = Non-inter-level travel time spent in this place.
 C = Inter-level travel time spent in this place.
 D = Time resting spent in this place.
 E = Time spent auto-exploring this place.
 F = Levels seen in this place.
 G = Mean time per level.
                   A        B        C        D        E       F      G
               +--------+--------+--------+--------+--------+-----+--------+
         Total |   9574 |   9018 |    556 |   1527 |   5209 |  11 |  870.4 |
       Dungeon |   9438 |   8899 |    539 |   1527 |   5092 |  10 |  943.8 |
        Temple |    135 |    118 |     17 |      0 |    117 |   1 |  135.0 |
               +--------+--------+--------+--------+--------+-----+--------+

Top non-repeatable levels by time:
     D:7: 1353 daAuts
     D:9: 1348 daAuts
     D:5: 1330 daAuts
     D:2: 1199 daAuts
     D:8: 1153 daAuts
     D:1: 1119 daAuts
     D:3: 825 daAuts
     D:4: 567 daAuts
     D:6: 537 daAuts
  Temple: 135 daAuts
    D:10: 1 daAuts
